 Dungeon Crawl Stone Soup version 0.31-a0-214-gb37851dbb3 (webtiles) character file.

Game seed: 7485300622605588064

4592 qw the Skirmisher (level 10, -1/64 HPs)
             Began as a Gargoyle Hexslinger on July 1, 2023.
             Was a Believer of Okawaru.
             Slain by Psyche
             ... wielding a +3 dagger of distortion
              (24 damage)
             ... on level 8 of the Dungeon.
             The game lasted 00:03:39 (5949 turns).

qw the Skirmisher (Gargoyle Hexslinger)             Turns: 5949, Time: 00:03:39

Health: -1/64      AC: 20    Str: 18    XL:     10   Next: 41%
Magic:  13/13      EV: 13    Int: 11    God:    Okawaru [**....]
Gold:   1126       SH:  0    Dex: 16    Spells: 10/11 levels left

rFire   . . .        Y - +0 orcbow
rCold   . . .        (shield currently unavailable)
rNeg    + . .        a - +3 leather armour "Ehiplasu" {Regen+ rCorr Int-3}
rPois   inf          o - +2 hat
rElec   +            j - +1 cloak
rCorr   +            p - +0 pair of gloves
SInv    .            f - +0 pair of boots
Will    .....        (no amulet)
Stlth   +            c - +6 ring of strength
HPRegen 1.10/turn    (no ring)
MPRegen 0.13/turn

%: no passive effects
@: no status effects
A: sickness immunity, AC +7, negative energy resistance 1, electricity
resistance, torment resistance 1, petrification resistance
a: Renounce Religion, Heroism


You were on level 8 of the Dungeon.
You worshipped Okawaru.
Okawaru was pleased with you.
You visited 2 branches of the dungeon, and saw 9 of its levels.

You collected 1259 gold pieces.
You spent 133 gold pieces at shops.


Innate Abilities, Weirdness & Mutations

You are immune to sickness and miasma.
Your stone body is resilient. (AC +7)
You are immune to poison.
You resist negative energy. (rN+)
You are resistant to electric shocks. (rElec)
You are resistant to unholy torment.
You are immune to petrification.


   Skills:
 - Level 8.1 Fighting
 + Level 11.0 Ranged Weapons
 - Level 3.0 Armour
 - Level 4.5 Dodging
 - Level 1.0 Spellcasting
 - Level 2.6 Hexes
 - Level 4.0 Invocations


You had 10 spell levels left.
You knew the following spells:

 Your Spells              Type           Power      Damage    Failure   Level
a - Slow                  Hex            24%        N/A       13%         1

Your spell library contained the following spells:

 Spells                   Type           Power      Damage    Failure   Level
 Inner Flame              Hex/Fire       3%         N/A       54%         3
 Portal Projectile        Hex/Tloc       6%         N/A       54%         3
 Cause Fear               Hex            3%         N/A       77%         4

Inventory:

Hand Weapons
 Y - a +0 orcbow (weapon)
Armour
 a - the +3 leather armour "Ehiplasu" (worn) {Regen+ rCorr Int-3}
   (You found it on level 2 of the Dungeon)

   Int:       It affects your intelligence (-3).
   Regen:     It increases your rate of health regeneration.
   rCorr:     It protects you from acid and corrosion.
 f - a +0 pair of boots (worn)
 h - the +2 leather armour of Naicoiro {rF+}
   (You found it on level 8 of the Dungeon)

   rF:        It protects you from fire.
 j - a +1 cloak (worn)
 o - a +2 hat (worn)
 p - a +0 pair of gloves (worn)
Jewellery
 c - a +6 ring of strength (left hand)
 m - a ring of ice
Scrolls
 d - a scroll of identify
 k - a scroll of torment {unknown}
Potions
 b - a potion of mutation
 e - a potion of enlightenment
 g - a potion of curing
 i - a potion of might
 l - a potion of brilliance {unknown}
 n - a potion of haste

Dungeon Overview and Level Annotations

Branches:
Dungeon (8/15)             Temple (1/1) D:4
   Lair: D:8-11

Altars:
Ashenzari
Cheibriados
Dithmenos
Elyvilon
Fedhas
Gozag
Hepliaklqana
Kikubaaqudgha
Makhleb
Nemelex Xobeh
Okawaru
Qazlal
Ru
Sif Muna
Trog
Uskayaw
Vehumet
Wu Jian
Xom
Yredelemnul
Zin
The Shining One

Shops:
D:4 *   D:6 :

Annotations:
D:4 3 runed translucent doors, qw's ghost, weakling DEHu
D:5 1 runed translucent door, Crazy Yiuf
D:8 Psyche


Message History

The arc of chaos hits you but does no damage.
You resist.
The arc of chaos hits something but does no damage.
You shoot an arrow. Something barely misses you.
You hear some strange, mumbled words.
A swirling arc of seething chaos appears!
An arc of chaos appears from out of thin air!
The arc of chaos hits you but does no damage.
The arc of chaos hits something.
You shoot an arrow. Okawaru accepts your kill.
Reactivating autopickup.
You feel a bit more experienced.
There is a strange disturbance nearby!
Something hits you but does no damage. Space warps around you.
Deactivating autopickup; reactivate with Ctrl-A.
Something hits you but does no damage. Space warps horribly around you!!
You shoot an arrow. Something hits you but does no damage.
Space warps around you.
You shoot an arrow. Something barely misses you.
You shoot an arrow.
You hear some strange, mumbled words.
Something tries to affect you, but you resist.
You shoot an arrow. Something hits you. Space warps horribly around you!
You shoot an arrow. You shoot an arrow. Something hits you but does no damage.
You blink.
You shoot an arrow. You shoot an arrow. You shoot an arrow.
You feel like a meek peon again.
You shoot an arrow. You shoot an arrow. You shoot an arrow. You shoot an arrow.
Something hits you. Space warps horribly around you!!
You die...

#...# ..... #####
#+#...#+#...# # +...+
#.......#.#.##.###
#####...#####...###.#)......
+.#....(..#^'...'.#..)...#
##.#+#...#'#.#####.#'###).#
.....#...#....[#.....# ...
.....##'##.....+.....# .
.....#...#.....#@{...#
##.#'#...#+#.#####.#+#
.'.#.......#.+ +.#
.#####...##### #####
...#.+...+ #.+ .#'#.#####
#+#.### .#.....# #.....###
##.....+ ##+##.....+.#
#.....# #...#.....#.# # #


There were no monsters in sight!

Vanquished Creatures
  Pikel (D:5)
  Prince Ribbit (D:7)
  Grinder (D:6)
  Eustachio (D:4)
  A wyvern (D:7)
  6 yaks (D:8)
  Edmund (D:4)
  An acid dragon (D:8)
  A water moccasin (D:5)
  Duvessa (D:5)
  A sky beast (D:7)
  2 orc warriors
  An ice beast (D:6)
  4 ogres
  A centaur (D:7)
  A lemure (D:5)
  3 phantoms
  Blork the orc (D:5)
  3 scorpions
  Dowan (D:5)
  A hound (D:6)
  3 jellies
  7 orc priests
  Ijyb (D:4)
  A sleepcap (D:5)
  3 iguanas (D:5)
  9 orc wizards
  7 adders
  A shadow imp (D:6)
  3 white imps
  2 worms
  A dart slug (D:2)
  35 orcs
  3 bats
  8 endoplasms
  6 giant cockroaches
  16 goblins
  5 hobgoblins
  10 jackals
  5 kobolds
  4 quokkas
  4 ball pythons
  3 frilled lizards (D:1)
  2 rats (D:1)
173 creatures vanquished.

Notes
Turn   | Place    | Note
-------+----------+-------------------------------------------
     0 | D:1      | qw the Gargoyle Hexslinger began the quest for the Orb.
     0 | D:1      | Reached XP level 1. HP: 12/12 MP: 2/2
     0 | D:1      | 0 ||| qw: Version: 0.3-a-32-g5962c71
     0 | D:1      | 0 ||| qw: Game counter: 7500
     0 | D:1      | 0 ||| qw: Melee chars always use a shield: true
     0 | D:1      | 0 ||| qw: God list: Okawaru
     0 | D:1      | 0 ||| qw: Allow faded altars: false
     0 | D:1      | 0 ||| qw: Do Orc after clearing Dungeon:15 true
     0 | D:1      | 0 ||| qw: Do second Lair branch before Depths: true
     0 | D:1      | 0 ||| qw: Lair rune preference: random
     0 | D:1      | 0 ||| qw: Goals: Normal
     0 | D:1      | 0 ||| PLANNING D:1-11
   104 | D:1      | Reached XP level 2. HP: 16/16 MP: 3/3
   126 | D:1      | Reached skill level 3 in Ranged Weapons
   127 | D:1      | HP: 4/16 [quokka (3)]
   132 | D:1      | HP: 4/16 [frilled lizard (1)]
   241 | D:1      | Reached XP level 3. HP: 21/21 MP: 4/4
   463 | D:1      | 463 ||| READING scroll labelled QACADWAGUORCH.
   464 | D:1      | 464 ||| READING scroll labelled BORCHE XELECZI.
   465 | D:1      | 465 ||| DROPPING scroll of poison.
   506 | D:2      | Found a sparkling altar of Nemelex Xobeh.
   553 | D:2      | Identified the +3 leather armour "Ehiplasu" {Regen+ rCorr
                  | Int-3}
   688 | D:2      | Found a faded altar of an unknown god.
   718 | D:2      | Reached XP level 4. HP: 26/26 MP: 5/5
   789 | D:2      | Reached skill level 4 in Ranged Weapons
  1064 | D:2      | 1064 ||| UPGRADING to +3 leather armour "Ehiplasu" {Regen+
                  | rCorr Int-3}.
  1074 | D:2      | 1074 ||| DROPPING +0 robe.
  1075 | D:2      | 1075 ||| READING scroll labelled ISOGOHO HAPLA.
  1076 | D:2      | 1076 ||| DRINKING 2 coppery potions.
  1077 | D:2      | 1077 ||| READING 3 scrolls of identify.
  1077 | D:2      | 1077 ||| IDENTIFYING silvery potion
  1078 | D:2      | 1078 ||| READING 2 scrolls of identify.
  1078 | D:2      | 1078 ||| IDENTIFYING inky potion
  1079 | D:2      | 1079 ||| DROPPING potion of attraction.
  1191 | D:3      | Noticed a phantom
  1207 | D:3      | Killed a phantom
  1208 | D:3      | Reached skill level 5 in Ranged Weapons
  1208 | D:3      | Reached XP level 5. HP: 16/30 MP: 6/6
  1736 | D:3      | Noticed an ogre
  1750 | D:3      | HP: 2/31 [ogre/+0 giant club (11)]
  1751 | D:3      | 1751 ||| DRINKING potion of heal wounds.
  1754 | D:3      | Killed an ogre
  1755 | D:3      | Reached XP level 6. HP: 37/38 MP: 7/7
  1910 | D:3      | 1910 ||| UPGRADING to +6 ring of strength.
  1911 | D:3      | 1911 ||| READING scroll labelled LIM POUNIE.
  2012 | D:3      | 2012 ||| READING 2 scrolls of identify.
  2012 | D:3      | 2012 ||| IDENTIFYING glowing clear potion
  2013 | D:3      | 2013 ||| DROPPING potion of magic.
  2028 | D:4      | 2028 ||| STAIRDANCE
  2055 | D:4      | Found a staircase to the Ecumenical Temple.
  2056 | D:4      | 2056 ||| PLANNING TEMPLE
  2062 | Temple   | Entered the Ecumenical Temple
  2096 | Temple   | 2096 ||| PLANNING OKAWARU WORSHIP
  2494 | Temple   | Became a worshipper of Warmaster Okawaru
  2495 | Temple   | 2495 ||| PLANNING D:1-11
  2614 | D:4      | Found Ticiwk's Assorted Antiques.
  2623 | D:4      | 2623 ||| BUYING bubbling coppery potion (18 gold).
  2623 | D:4      | Bought a bubbling coppery potion for 18 gold pieces
  2623 | D:4      | 2623 ||| BUYING pair of boots (94 gold).
  2623 | D:4      | Bought a pair of boots for 94 gold pieces
  2623 | D:4      | 2623 ||| SHOPLISTING pair of polished boots (199 gold, have
                  | 23).
  2623 | D:4      | 2623 ||| SHOPLISTING potion of heal wounds (105 gold, have
                  | 23).
  2623 | D:4      | 2623 ||| BUYING scroll labelled PATALI SUARIPI (21 gold).
  2623 | D:4      | Bought a scroll labelled PATALI SUARIPI for 21 gold pieces
  2623 | D:4      | 2623 ||| SHOPLISTING scroll labelled ZICHES YTIE (21 gold,
                  | have 2).
  2739 | D:4      | Noticed Edmund
  2762 | D:4      | HP: 9/38 [endoplasm (1)]
  2763 | D:4      | Killed Edmund
  2764 | D:4      | Reached skill level 6 in Ranged Weapons
  2764 | D:4      | Reached XP level 7. HP: 12/43 MP: 8/8
  2800 | D:4      | Found a runed translucent gate.
  2800 | D:4      | Found a runed translucent gate.
  2800 | D:4      | Found a runed translucent gate.
  2806 | D:4      | Noticed qw's ghost (weakling DEHu)
  2813 | D:4      | Noticed Ijyb
  2841 | D:4      | Paralysed by Ijyb for 2 turns
  2857 | D:4      | Killed Ijyb
  2976 | D:4      | Reached * piety under Okawaru
  2977 | D:4      | Reached skill level 7 in Ranged Weapons
  3052 | D:4      | 3052 ||| UPGRADING to +0 pair of boots.
  3057 | D:4      | 3057 ||| UPGRADING to +1 cloak.
  3062 | D:4      | 3062 ||| READING scroll labelled PATALI SUARIPI.
  3063 | D:4      | 3063 ||| READING scroll labelled DISUWN OTEESUZ.
  3068 | D:4      | 3068 ||| DRINKING 2 bubbling coppery potions.
  3098 | D:5      | Entered Level 5 of the Dungeon
  3098 | D:5      | Noticed Blork the orc
  3098 | D:5      | Noticed Eustachio
  3099 | D:5      | 3099 ||| INVOKING Heroism.
  3111 | D:5      | 3111 ||| STAIRDANCE
  3152 | D:5      | 3152 ||| STAIRDANCE
  3170 | D:5      | 3170 ||| STAIRDANCE
  3175 | D:4      | Killed Eustachio
  3176 | D:4      | Reached skill level 3 in Armour
  3181 | D:5      | 3181 ||| INVOKING Heroism.
  3183 | D:5      | Killed Blork the orc
  3184 | D:5      | Reached skill level 1 in Invocations
  3242 | D:5      | 3242 ||| INVOKING Heroism.
  3246 | D:5      | Reached XP level 8. HP: 48/48 MP: 6/9
  3455 | D:5      | Found a blossoming altar of Fedhas.
  3493 | D:5      | Identified the +7 hand axe "Fopig" {vamp, Will++ SInv}
  3636 | D:5      | Found a runed translucent door.
  3637 | D:5      | Noticed Crazy Yiuf
  3700 | D:5      | Reached skill level 3 in Invocations
  3830 | D:5      | Noticed Duvessa
  3830 | D:5      | Noticed Dowan
  3831 | D:5      | 3831 ||| INVOKING Heroism.
  3847 | D:5      | 3847 ||| INVOKING Heroism.
  3849 | D:5      | Killed Duvessa
  3850 | D:5      | Reached skill level 8 in Ranged Weapons
  3867 | D:5      | Killed Dowan
  3938 | D:5      | Noticed Pikel
  3939 | D:5      | 3939 ||| INVOKING Heroism.
  3965 | D:5      | 3965 ||| INVOKING Heroism.
  3983 | D:5      | 3983 ||| INVOKING Heroism.
  4009 | D:5      | HP: 8/48 [Pikel/+0 whip of freezing (8)]
  4015 | D:5      | 4015 ||| INVOKING Heroism.
  4016 | D:5      | Killed Pikel
  4017 | D:5      | Reached XP level 9. HP: 13/52 MP: 9/12
  4233 | D:5      | 4233 ||| READING 3 scrolls labelled SULISOFA PAORPH.
  4233 | D:5      | Identified 3 scrolls of acquirement
  4233 | D:5      | 4233 ||| ACQUIRING 891 gold pieces
  4233 | D:5      | Acquired 891 gold pieces
  4235 | D:5      | 4235 ||| READING 2 scrolls of acquirement.
  4235 | D:5      | 4235 ||| ACQUIRING +2 hat
  4235 | D:5      | Acquired a +2 hat
  4237 | D:5      | 4237 ||| UPGRADING to +2 hat.
  4242 | D:5      | 4242 ||| READING scroll of acquirement.
  4242 | D:5      | 4242 ||| ACQUIRING +3 heavy shortbow
  4242 | D:5      | Acquired a +3 heavy shortbow
  4244 | D:5      | 4244 ||| SWAPPING to +3 heavy shortbow.
  4245 | D:5      | 4245 ||| DROPPING +1 sling.
  4246 | D:5      | 4246 ||| READING scroll labelled RUNITU BOSTRAKH.
  4247 | D:5      | 4247 ||| READING scroll labelled XUESTAOMAOMP.
  4248 | D:5      | 4248 ||| READING scroll labelled TUWANIOWNY.
  4249 | D:5      | 4249 ||| READING 2 scrolls of identify.
  4249 | D:5      | 4249 ||| IDENTIFYING pink potion
  4440 | D:6      | 4440 ||| DRINKING 3 potions of curing.
  4440 | D:6      | 4440 ||| (to cure confusion)
  4586 | D:6      | Noticed Grinder
  4587 | D:6      | 4587 ||| INVOKING Heroism.
  4594 | D:6      | Killed Grinder
  4595 | D:6      | Reached skill level 9 in Ranged Weapons
  4610 | D:6      | Found Qeaneil's Book Shoppe.
  4702 | D:6      | 4702 ||| INVOKING Heroism.
  4886 | D:6      | 4886 ||| READING 2 scrolls of identify.
  4886 | D:6      | 4886 ||| IDENTIFYING white potion
  4925 | D:7      | 4925 ||| INVOKING Heroism.
  4968 | D:7      | Reached skill level 6 in Fighting
  5013 | D:7      | 5013 ||| Stepping ~*~*~tactically~*~*~ (outnumbered).
  5015 | D:7      | 5015 ||| Stepping ~*~*~tactically~*~*~ (outnumbered).
  5017 | D:7      | 5017 ||| Stepping ~*~*~tactically~*~*~ (outnumbered).
  5071 | D:7      | 5071 ||| INVOKING Heroism.
  5160 | D:7      | 5160 ||| SWAPPING to +0 orcbow.
  5161 | D:7      | 5161 ||| DROPPING +3 heavy shortbow.
  5215 | D:7      | 5215 ||| INVOKING Heroism.
  5222 | D:7      | Reached skill level 10 in Ranged Weapons
  5249 | D:7      | 5249 ||| INVOKING Heroism.
  5396 | D:7      | Reached XP level 10. HP: 61/63 MP: 13/13
  5449 | D:7      | 5449 ||| DRINKING 2 potions of curing.
  5449 | D:7      | 5449 ||| (to cure confusion)
  5516 | D:7      | 5516 ||| UPGRADING to +0 pair of gloves.
  5521 | D:7      | 5521 ||| READING scroll labelled OFADIZUECO.
  5522 | D:7      | 5522 ||| READING 2 scrolls of identify.
  5522 | D:7      | 5522 ||| IDENTIFYING ruby potion
  5523 | D:7      | 5523 ||| DROPPING potion of degeneration.
  5546 | D:8      | Noticed Prince Ribbit
  5554 | D:8      | 5554 ||| STAIRDANCE
  5561 | D:7      | 5561 ||| INVOKING Heroism.
  5596 | D:8      | 5596 ||| STAIRDANCE
  5601 | D:7      | 5601 ||| INVOKING Heroism.
  5607 | D:7      | 5607 ||| FLEEEEING.
  5631 | D:7      | Killed Prince Ribbit
  5671 | D:8      | Identified the +2 leather armour of Naicoiro {rF+}
  5796 | D:8      | 5796 ||| INVOKING Heroism.
  5805 | D:8      | Reached skill level 11 in Ranged Weapons
  5820 | D:8      | 5820 ||| INVOKING Heroism.
  5829 | D:8      | Reached ** piety under Okawaru
  5917 | D:8      | 5917 ||| INVOKING Heroism.
  5917 | D:8      | Noticed Psyche
  5949 | D:8      | Slain by Psyche

Levels and vault maps discovered:
D:1:      dpeg_arrival_tiny_a, layout_basic
D:2:      layout_rooms, basic_altar, basic_ecumenical_altar
D:3:      layout_basic, minmay_ogre_servants
D:4:      layout_cave_pools, minmay_temple_entry_hall, serial_shops, shop,
          ebering_ghost_rock_garden, uniq_edmund, uniq_ijyb
D:5:      layout_gridville, lemuel_round_altar, abandoned_shop,
          kennysheep_small_circle, uniq_duvessa, uniq_pikel, uniq_blork_the_orc,
          uniq_crazy_yiuf_cottage, uniq_eustachio
D:6:      layout_gridville, serial_shops, nicolae_book_shop_shelving,
          uniq_grinder
D:7:      layout_basic, minivault_22, palyth_stone_intersect
D:8:      nicolae_cairo_tiling_large, layout_basic, serial_shops, shop,
          enter_bailey_3, minivault_24, st_stairs_13, uniq_prince_ribbit1,
          uniq_joseph, uniq_psyche
Temple:   mainiacjoe_temple_trianglar_array

Skill      XL: |  1  2  3  4  5  6  7  8  9 10 |
---------------+-------------------------------+-----
Ranged Weapons | 3 5 6 7 8 10 11 | 11.0
Fighting       | 2 4 7 8 |  8.1
Armour         | 3 |  3.0
Invocations    | 1 4 |  4.0
Dodging        | 4 |  4.5
Spellcasting   | |  1.0
Hexes          | |  2.6

Action                     |  1- 3 |  4- 6 |  7- 9 | 10-12 || total
---------------------------+-------+-------+-------+-------++-------
   Fire: Sling             |   125 |   211 |   388 |       ||   724
         Shortbow          |       |       |    91 |       ||    91
         Orcbow            |       |       |    25 |   148 ||   173
 Invoke: Heroism           |       |       |    15 |     5 ||    20
    Use: Scroll            |     2 |     5 |    10 |     2 ||    19
         Potion            |       |     2 |     2 |     1 ||     5
 Armour: Robe              |    40 |     9 |       |       ||    49
         Leather armour    |       |    71 |   146 |    36 ||   253
  Dodge: Dodged            |    74 |   108 |   189 |    61 ||   432

Table legend:
 A = Non-vault XP
 B = Vault XP
 C = Vault XP percentage of total XP
 D = Non-vault monster count
 E = Vault monster count
 F = Vault count percentage of total count
                 A         B        C        D         E       F
            +---------+---------+-------+---------+---------+-------
      Total |    4499 |    2061 |  31.4 |     154 |      18 |  10.5
            +---------+---------+-------+---------+---------+-------
        D:1 |      49 |       0 |   0.0 |      28 |       0 |   0.0
        D:2 |      94 |       0 |   0.0 |      16 |       0 |   0.0
        D:3 |     141 |     137 |  49.3 |      17 |       9 |  34.6
        D:4 |     212 |     416 |  66.2 |      20 |       3 |  13.0
        D:5 |     533 |     945 |  63.9 |      18 |       4 |  18.2
        D:6 |     624 |     277 |  30.7 |      16 |       1 |   5.9
        D:7 |    1351 |     286 |  17.5 |      25 |       1 |   3.8
        D:8 |    1495 |       0 |   0.0 |      14 |       0 |   0.0
            +---------+---------+-------+---------+---------+-------
